Map: Alcyone LE

Players

Applepi - Winner!

  • Race: Zerg Zerg
  • League: Bronze
  • Spawn Location: 7:00

A.I. 1 (Hard)

  • Race: Protoss Protoss
  • Spawn Location: 1:00

VOD

Have the link to the VOD?

Description

Time

  • Played on: May 9, 2025, 3:49 a.m.
  • Length: 9:51
Show
View Real Time Build Order
Export as new Build Order

Applepi Zerg - Winner!

Build Orders: Pool First 

Get SALT Encoding   

  12  0:02  Drone  
  13  0:13  Overlord  
  13  0:16  Drone  
  14  0:32  Drone x2  
  16  0:40  Extractor  
  15  0:46  Spawning Pool  
  15  0:49  Drone  
  15  0:51  Drone  
  16  1:01  Drone  
  17  1:10  Drone  
  18  1:24  Hatchery  
  18  1:25  Drone  
  18  1:32  Overlord  
  18  1:43  Queen  
  20  1:50  Drone  
  21  1:55  Zergling x2  
  22  2:08  Drone  
  23  2:18  Drone  
  23  2:19  Queen  
  26  2:27  Drone  
  27  2:33  Metabolic Boost  
  27  2:34  Drone  
  28  2:37  Overlord  
  28  2:43  Queen  
  30  2:45  Drone  
  30  2:50  Overlord  
  31  2:57  Drone x2  
  33  3:12  Roach Warren  
  33  3:15  Evolution Chamber  
  33  3:18  Queen  
  33  3:23  Drone x2  
  33  3:24  Drone  
  36  3:33  Drone x3  
  39  3:35  Extractor  
  38  3:45  Zerg Missile Weapons Level 1  
  38  3:49  Lair  
  38  3:53  Roach  
  38  3:54  Roach  
  42  3:59  Drone x3  
  45  4:10  Roach x3  
  45  4:13  Overlord  
  45  4:16  Overlord  
  51  4:33  Roach x4  
  51  4:36  Roach  
  61  4:38  Overlord  
  61  4:40  Overlord  
  61  4:50  Glial Reconstitution  
  61  5:01  Roach x2  
  61  5:02  Roach x2  
  69  5:16  Zergling x8  
  69  5:19  Drone x3  
  76  5:29  Roach x2  
  76  5:31  Overlord x2  
  80  5:40  Zerg Melee Weapons Level 1  
  80  5:44  Roach  
  80  5:45  Roach  
  84  5:54  Drone x3  
  84  5:55  Drone  
  88  6:08  Roach x6  
  88  6:09  Hatchery  
  99  6:19  Overlord  
  99  6:20  Overlord  
  99  6:27  Drone  
  100  6:40  Drone x2  
  100  6:41  Overlord x2  
  100  6:45  Zergling x4  
  104  6:55  Queen x2  
  105  7:02  Roach x6  
  112  7:11  Roach x2  
  114  7:31  Roach x9  
  132  7:51  Overlord x2  
  132  7:55  Roach x3  
  138  8:14  Roach x2  
  138  8:15  Roach x6  
  138  8:17  Overlord x2  
  151  8:30  Overlord x2  
  147  8:36  Roach x4  
  147  8:39  Zergling x8  
  157  8:56  Roach x3  
  157  8:57  Roach x2  
  157  8:58  Zergling x12  
  173  9:11  Overlord  
  173  9:12  Overlord  
  173  9:15  Roach x3  
  173  9:16  Roach  
  181  9:26  Zergling x2  
  181  9:27  Zergling x12  
  181  9:28  Overlord x2  
Show
View Real Time Build Order
Export as new Build Order

A.I. 1 (Hard) Protoss 

Build Orders:  

Get SALT Encoding   

  12  0:00  Probe  
  13  0:13  Probe  
  14  0:19  Pylon  
  14  0:25  Probe  
  15  0:33  Probe  
  15  0:41  Probe  
  16  0:47  Assimilator  
  17  0:50  Gateway  
  17  0:51  Probe  
  18  0:59  Pylon  
  18  1:00  Probe  
  19  1:18  Probe  
  20  1:38  Zealot  
  22  1:40  Gateway  
  22  1:42  Cybernetics Core  
  22  1:44  Assimilator  
  22  2:01  Pylon  
  22  2:06  Stalker  
  22  2:12  Warp Gate  
  24  2:33  Zealot  
  26  2:44  Pylon  
  26  2:45  Stalker  
  28  3:00  Stalker  
  30  3:12  Probe  
  31  3:15  Stalker  
  33  3:21  Pylon  
  33  3:24  Probe  
  34  3:30  Stalker  
  36  3:36  Probe  
  37  3:42  Forge  
  37  3:48  Adept, Probe  
  40  4:00  Probe  
  41  4:08  Stalker  
  41  4:09  Probe  
  44  4:26  Adept  
  46  6:05  Protoss Ground Weapons Level 1  
  46  6:26  Sentry  
  46  6:28  Gateway  
  46  6:29  Robotics Facility  
  46  6:31  Twilight Council  
  48  6:35  Pylon, Nexus  
  48  6:36  Zealot  
  48  6:37  Photon Cannon  
  48  6:38  Photon Cannon  
  50  6:42  Stargate  
  50  6:45  Forge  
  50  6:49  Zealot  
  52  6:59  Sentry  
  52  7:01  Blink  
  42  7:09  Zealot  
  36  7:17  Observer, Protoss Ground Armor Level 1  
  36  7:21  Stalker  
  39  7:31  Adept  
  39  7:34  Observer  
  42  7:41  Stalker  
  44  7:47  Probe  
  44  7:49  Probe  
  46  7:51  Adept  
  46  7:56  Pylon  
  46  7:57  Pylon  
  48  7:59  Probe  
  48  8:00  Assimilator  
  48  8:01  Assimilator, Stalker, Probe  
  52  8:11  Stalker  
  52  8:12  Probe  
  55  8:13  Probe  
  55  8:18  Photon Cannon  
  56  8:20  Photon Cannon  
  56  8:21  Stalker  
  56  8:24  Probe  
  56  8:25  Probe  
  54  8:31  Zealot  
  46  8:36  Probe  
  39  8:41  Zealot  
  39  8:47  Zealot  
  38  8:57  Zealot  
  31  9:07  Zealot  
  31  9:08  Pylon  
  21  9:17  Sentry  
  21  9:22  Pylon  
  21  9:24  Zealot  
  14  9:40  Cybernetics Core  
Tags
 
League
Bronze
Matchup
PvZ
Opening
Pool First
Spawn Locations
Cross Positions
Add a new tag
Caveats
  • Supply blocks, unpowered buildings, or Contaminate may cause inaccurate times.
  • Supply counts are checked every 10 seconds.